 Dungeon Crawl Stone Soup version 0.31-a0-145-g046c7d2549 (webtiles) character file.

Game seed: 6857299232091062569

83 juan097 the Insei (level 4, -2/35 HPs)
             Began as a Draconian Transmuter on June 4, 2023.
             Killed by divine providence
             ... invoked by an orc priest
              (13 damage)
             ... on level 4 of the Dungeon.
             The game lasted 00:04:44 (2434 turns).

juan097 the Insei (Draconian Transmuter)            Turns: 2434, Time: 00:04:44

Health: -2/35      AC:  7    Str: 12    XL:     4   Next: 22%
Magic:  7/7        EV: 12    Int: 14    God:
Gold:   202        SH:  0    Dex: 13    Spells: 4/7 levels left

rFire   . .          .
                       - Unarmed
rCold   . . .        (no shield)
rNeg    + . .        (body armour unavailable)
rPois   .            s - melded +0 hat
rElec   .            (no cloak)
rCorr   .            l - +1 pair of gloves
SInv    .            (boots currently unavailable)
Will    .....        (no amulet)
Stlth   ++           i - ring of positive energy
HPRegen 0.25/turn    (no ring)
MPRegen 0.10/turn

%: no passive effects
@: appendages (expiring)
A: horns 2, talons 2, AC +5, unfitting armour, cold-blooded
a: End Transformation


You were on level 4 of the Dungeon.
You had temporarily grown beastly horns and talons.
You visited 1 branch of the dungeon, and saw 4 of its levels.

You collected 202 gold pieces.

Inventory:

Hand Weapons
 b - a +0 sling
 w - a +2 short sword of venom
Missiles
 p - 2 atropa-tipped darts
Armour
 l - a +1 pair of gloves (worn)
 s - a +0 hat (melded)
Magical Staves
 t - a staff of cold
Jewellery
 i - a ring of positive energy (left hand)
Wands
 m - a wand of iceblast (10)
 q - a wand of quicksilver (8)
 u - a wand of paralysis (4)
Scrolls
 c - 4 scrolls of identify {unknown}
 f - 2 scrolls of magic mapping {unknown}
 g - a scroll of amnesia {unknown}
 h - 3 scrolls of noise {unknown}
 k - a scroll of fear {unknown}
 o - a scroll of blinking {unknown}
 r - 2 scrolls of immolation {unknown}
Potions
 a - a potion of lignification
 d - 2 potions of curing
 e - a potion of brilliance {unknown}
 j - a potion of degeneration {unknown}
 n - 2 potions of mutation {unknown}
 v - a potion of enlightenment {unknown}
 x - 2 potions of heal wounds {unknown}


   Skills:
 - Level 1.1 Fighting
 + Level 2.6 Dodging
 + Level 1.9 Stealth
 + Level 3.7 Unarmed Combat
 - Level 2.0 Spellcasting
 + Level 2.1 Transmutations
 + Level 0.3 Evocations


You had 4 spell levels left.
You knew the following spells:

 Your Spells              Type           Power      Damage    Failure   Level
a - Beastly Appendage     Tmut           14%        N/A       10%         1
b - Wereblood             Tmut           7%         N/A       14%         2

Your spell library contained the following spells:

 Spells                   Type           Power      Damage    Failure   Level
 Shock                    Conj/Air       4%         1d3       24%         1
 Spider Form              Tmut/Pois      4%         N/A       41%         3
 Swiftness                Air            1%         N/A       56%         3
 Ice Form                 Ice/Tmut       4%         N/A       83%         4
 Airstrike                Air            0%         2d(1-17)  93%         4


Dungeon Overview and Level Annotations

Branches:
Dungeon (4/15)
 Temple: D:4-7

Altars:

Annotations:
D:3 2 transporters, hgbash's ghost, weakling DECj


Innate Abilities, Weirdness & Mutations

You have temporarily grown beastly horns and talons.
Your plain brown scales are hard. (AC +5)
You cannot fit into any form of body armour.
You are cold-blooded and may be slowed by cold attacks.


Message History

The orc priest hits you with a +0 club. The orc wizard barely misses you.
You hit the orc wizard but do no damage.
The orc wizard is heavily wounded.
The orc priest closely misses you. The orc wizard barely misses you.
You barely miss the orc wizard. Your kick misses the orc wizard.
The orc wizard is heavily wounded.
The orc priest barely misses you.
The orc wizard hits you with a +0 dagger.
You hit the orc wizard but do no damage.
Your kick misses the orc wizard.
The orc wizard is heavily wounded.
The orc priest hits you with a +0 club.
The orc wizard hits you with a +0 dagger.
* * * LOW HITPOINT WARNING * * *
Aiming: Paralyse
Press: ? - help, Shift-Dir - straight line, f - orc wizard
Aim: an orc wizard, wielding a +0 dagger and wearing a +0 robe (heavily wounded, chance to affect: 50%)
Okay, then.
The orc wizard attacks as you move away!
The orc wizard closely misses you.
Aiming: Quicksilver Bolt
Press: ? - help, Shift-Dir - straight line, f - orc wizard
Aim: an orc wizard, wielding a +0 dagger and wearing a +0 robe (heavily wounded, 64% to hit)
The bolt of dispelling energy misses the orc wizard.
The orc priest hits you but does no damage.
The orc wizard hits you but does no damage.
Aiming: Quicksilver Bolt
Press: ? - help, Shift-Dir - straight line, f/p - orc wizard
Aim: an orc wizard, wielding a +0 dagger and wearing a +0 robe (heavily wounded, 64% to hit)
The bolt of dispelling energy misses the orc wizard.
The orc priest hits you but does no damage.
The orc wizard hits you but does no damage.
Aiming: Quicksilver Bolt
Press: ? - help, Shift-Dir - straight line, f/p - orc wizard
Aim: an orc wizard, wielding a +0 dagger and wearing a +0 robe (heavily wounded, 64% to hit)
The bolt of dispelling energy hits the orc wizard!!
You kill the orc wizard!
The orc priest calls down the wrath of Beogh upon you.
Beogh smites you!
You die...

##### # ....## ####
.## #...## ###..###
#..#
#...####..##..##
#..#
#.......####..##..#
#......## ##....#
#..###†.## ##...#
##..# ##..## ##...#
#<..# #@o###..#.#
#...## ##>.#..###.#
....## ##...## #.#
###### #.)## #..
####..# #..
###.....## ..
#........#
#..###...# ####
##.## #..##


You could see an orc priest.

Vanquished Creatures
  An orc wizard (D:4)
  4 adders
  2 worms
  2 dart slugs
  5 endoplasms
  A giant cockroach (D:4)
  3 hobgoblins
  A jackal (D:2)
  A quokka (D:4)
  A ball python (D:1)
  6 bats
  2 frilled lizards
  7 goblins
  A kobold (D:3)
  2 rats (D:3)
39 creatures vanquished.

Notes
Turn   | Place    | Note
-------+----------+-------------------------------------------
     0 | D:1      | juan097 the Draconian Transmuter began the quest for the
                  | Orb.
     0 | D:1      | Reached XP level 1. HP: 16/16 MP: 3/3
   297 | D:1      | Reached XP level 2. HP: 23/23 MP: 3/5
   300 | D:1      | Learned a level 2 spell: Wereblood
   746 | D:2      | Reached skill level 1 in Stealth
   936 | D:2      | Reached XP level 3. HP: 26/28 MP: 4/6
  2016 | D:3      | Reached XP level 4. HP: 30/35 MP: 7/7
  2046 | D:3      | Noticed hgbash's ghost (weakling DECj)
  2047 | D:3      | Found a transporter.
  2047 | D:3      | Noticed a sky beast
  2057 | D:3      | Found a transporter.
  2434 | D:4      | Killed from afar by an orc priest

Illustrated notes

Levels and vault maps discovered:
D:1:      sevenhm_arrival_forest_fort_large_4, layout_rooms
D:2:      layout_basic
D:3:      layout_loops_cross, gammafunk_ghost_arena
D:4:      layout_layer_cave

Skill      XL: |  1  2 |
---------------+-------+-----
Dodging        | 2 |  2.6
Stealth        | 1 |  1.9
Fighting       | |  1.1
Unarmed Combat | |  3.7
Spellcasting   | |  2.0
Transmutations | |  2.1
Evocations     | |  0.3

Action                     |  1- 3 |  4- 6 || total
---------------------------+-------+-------++-------
  Melee: Unarmed           |    99 |    22 ||   121
         Tailslap          |    14 |     4 ||    18
         Headbutt          |     8 |     5 ||    13
         Kick              |    16 |     7 ||    23
         Punch             |       |     2 ||     2
   Fire: Sling             |       |     1 ||     1
   Cast: Beastly Appendage |    22 |     8 ||    30
  Evoke: Wand              |       |     3 ||     3
   Stab: Sleeping          |     6 |     2 ||     8
 Armour: Skin              |    28 |    16 ||    44
  Dodge: Dodged            |    53 |    14 ||    67

Table legend: (Time is in decaauts)
 A = Elapsed time spent in this place.
 B = Non-inter-level travel time spent in this place.
 C = Inter-level travel time spent in this place.
 D = Time resting spent in this place.
 E = Time spent auto-exploring this place.
 F = Levels seen in this place.
 G = Mean time per level.
                   A        B        C        D        E       F      G
               +--------+--------+--------+--------+--------+-----+--------+
         Total |   2426 |   2302 |    124 |      0 |   1842 |   4 |  606.5 |
       Dungeon |   2426 |   2302 |    124 |      0 |   1842 |   4 |  606.5 |
               +--------+--------+--------+--------+--------+-----+--------+

Top non-repeatable levels by time:
     D:2: 861 daAuts
     D:1: 739 daAuts
     D:3: 709 daAuts
     D:4: 115 daAuts
